 Dungeon Crawl Stone Soup version 0.21-a0-405-gf2af9a1 (webtiles) character file.

2664 gmonis the Cleaver (level 9, -7/70 HPs)
             Began as a Minotaur Fighter on Nov 1, 2017.
             Was a Priest of Okawaru.
             Mangled by a two-headed ogre
             ... wielding a +0 giant club
              (15 damage)
             ... on level 8 of the Dungeon.
             The game lasted 01:02:12 (7951 turns).

gmonis the Cleaver (Minotaur Fighter)               Turns: 7951, Time: 01:02:13

Health: -7/70      AC: 10    Str: 24    XL:     9   Next: 36%
Magic:  8/8        EV:  8    Int:  5    God:    Okawaru [***...]
Gold:   566        SH:  4    Dex: 10    Spells: 8/8 levels left

rFire    . . .     SeeInvis .   a - +1 war axe
rCold    . . .     Gourm    .   U - +0 buckler
rNeg     . . .     Faith    .   x - +0 chain mail
rPois    .         Spirit   .   (helmet restricted)
rElec    .         Reflect  .   (no cloak)
rCorr    +         Harm     .   O - +0 pair of gloves
MR       .....                  (no boots)
Stlth    ..........             (no amulet)
HPRegen  0.21/turn              w - ring of resist corrosion
MPRegen  0.11/turn              Q - ring of stealth

@: about to teleport
A: retaliatory headbutt, horns 2
a: Heroism, Renounce Religion


You were on level 8 of the Dungeon.
You worshipped Okawaru.
Okawaru was most pleased with you.
You were not hungry.

You visited 1 branch of the dungeon, and saw 8 of its levels.
You also visited: Sewer.

You collected 566 gold pieces.

Inventory:

Hand Weapons
 a - a +1 war axe (weapon)
 m - a +0 dagger
 r - a +0 short sword
 t - a +0 short sword
 y - a +0 hunting sling
 H - a cursed +0 dagger
Missiles
 g - 114 arrows
 k - 14 poisoned needles
 p - 190 stones (quivered)
 C - 24 sling bullets
Armour
 b - a +0 scale mail
 c - a +0 shield
 x - a +0 chain mail (worn)
 O - a +0 pair of gloves (worn)
 U - a +0 buckler (worn)
Jewellery
 w - a ring of resist corrosion (left hand)
 Q - a ring of stealth (right hand)
 T - an uncursed amulet of guardian spirit {unknown}
Wands
 G - a wand of random effects (27/48)
 J - a wand of iceblast (7/15)
 N - a wand of enslavement (15/24)
Scrolls
 e - 2 scrolls of amnesia
 j - 8 scrolls of teleportation
 l - a scroll of random uselessness {unknown}
 n - a scroll of enchant weapon
 u - 2 scrolls of recharging {unknown}
 z - 3 scrolls of remove curse
 A - 6 scrolls of identify
 B - 2 scrolls of blinking {unknown}
 M - a scroll of fog {unknown}
 P - a scroll of silence {unknown}
 S - a scroll of enchant armour {unknown}
Potions
 d - 2 potions of might
 h - 5 potions of flight
 q - 3 potions of mutation
 s - 2 potions of lignification {unknown}
 D - a potion of ambrosia {unknown}
 E - a potion of degeneration {unknown}
 F - a potion of magic {unknown}
 I - a potion of agility {unknown}
 K - 2 potions of cancellation {unknown}
 L - a potion of haste {unknown}
 R - 2 potions of curing {unknown}
Comestibles
 f - 4 bread rations
 i - 2 royal jellies
 o - 6 meat rations
 v - 5 fruits


   Skills:
 - Level 3.6 Fighting
 + Level 14.6 Axes
 - Level 3.6 Armour
 + Level 3.9 Shields


You had 8 spell levels left.
You didn't know any spells.

Dungeon Overview and Level Annotations

Branches:
Dungeon (8/15)
 Temple: D:4-7         Lair: D:8-11

Altars:
Gozag
Makhleb
Nemelex Xobeh
Okawaru
Vehumet
Wu Jian
Yredelemnul
The Shining One

Annotations:
D:7 Dzhakhan's ghost, novice DrBe
D:8 1 transporter


Innate Abilities, Weirdness & Mutations

You reflexively headbutt those who attack you in melee.
You have a pair of horns on your head.


Message History

The two-headed ogre hits you with a giant club!
You hit the bullfrog.
The bullfrog is lightly wounded.
You slash the two-headed ogre!
The bullfrog hits you but does no damage.
You slash the bullfrog!
The bullfrog is severely wounded.
You hit the two-headed ogre. The bullfrog barely misses you.
The two-headed ogre hits you with a giant club!!
* * * LOW HITPOINT WARNING * * *
The two-headed ogre hits you with a giant club!
* * * LOW HITPOINT WARNING * * *
The bullfrog hits you.
* * * LOW HITPOINT WARNING * * *
Okay, then.
As you read the scroll of teleportation, it crumbles to dust.
You feel strangely unstable.
The bullfrog hits you but does no damage.
The two-headed ogre hits you with a giant club!
You die...

#### ##.. # ..
####..##.#....
#####....#@F.!....
####.....##.O.#.##..#
..... ##....### ..
#...#..######. ##
.#....†##...>..
.......)<..#
.......##..# #.####.
#...# . .! ......


You could see a two-headed ogre and a bullfrog.

Vanquished Creatures
  3 orc warriors (D:6)
  An ice beast (D:5)
  A sky beast (D:7)
  A necrophage (D:6)
  A phantom (D:6)
  8 ogres
  A bullfrog (D:7)
  2 scorpions
  A howler monkey (D:4)
  2 crimson imps
  7 hounds
  5 orc priests
  3 bullfrog skeletons
  3 orc wizards
  A centaur skeleton (D:6)
  3 iguanas
  Terence (D:3)
  A merfolk siren (Sewer)
  5 worker ants
  A merfolk avatar (Sewer)
  A killer bee zombie (D:7)
  2 hound skeletons
  A worker ant zombie (D:5)
  5 adders
  2 river rats (Sewer)
  A shadow imp (D:7)
  A worm (D:3)
  3 dart slugs
  3 leopard geckos
  17 orcs
  8 bats
  5 giant cockroaches
  8 goblins
  11 hobgoblins
  10 jackals
  2 quokkas
  7 ball pythons
  9 frilled lizards
  A jackal zombie (D:5)
  9 kobolds
  A leopard gecko skeleton (D:4)
  A quokka zombie (D:5)
  26 rats
185 creatures vanquished.

Notes
Turn   | Place    | Note
-------+----------+-------------------------------------------
     0 | D:1      | gmonis the Minotaur Fighter began the quest for the Orb.
     0 | D:1      | Reached XP level 1. HP: 19/19 MP: 0/0
   133 | D:1      | Reached skill level 3 in Axes
   188 | D:1      | Reached XP level 2. HP: 22/26 MP: 1/1
   418 | D:1      | Reached skill level 4 in Axes
   696 | D:1      | Reached XP level 3. HP: 22/31 MP: 2/2
  1388 | D:3      | Found a glowing drain.
  1406 | Sewer    | Entered a sewer
  1424 | Sewer    | Reached skill level 5 in Axes
  1571 | Sewer    | Noticed a sickly merfolk siren
  1581 | Sewer    | Reached XP level 4. HP: 39/39 MP: 3/3
  1957 | Sewer    | Reached skill level 6 in Axes
  1971 | Sewer    | Noticed a malarious merfolk avatar
  2000 | Sewer    | Killed a malarious merfolk avatar
  2000 | Sewer    | Reached XP level 5. HP: 42/45 MP: 4/4
  2659 | D:2      | You fall through a shaft for 2 floors!
  2665 | D:4      | Reached skill level 7 in Axes
  3015 | D:3      | Noticed Terence
  3019 | D:3      | Killed Terence
  3244 | D:3      | Found a burning altar of Makhleb.
  3244 | D:3      | Found a radiant altar of Vehumet.
  3244 | D:3      | Found a sparkling altar of Nemelex Xobeh.
  3244 | D:3      | Found an ornate altar of the Wu Jian Council.
  3252 | D:3      | Found an iron altar of Okawaru.
  3252 | D:3      | Found a basalt altar of Yredelemnul.
  3314 | D:3      | Became a worshipper of Warmaster Okawaru
  3562 | D:4      | Reached XP level 6. HP: 38/51 MP: 5/5
  3575 | D:4      | Reached skill level 8 in Axes
  3728 | D:5      | Entered Level 5 of the Dungeon
  4646 | D:5      | Reached skill level 9 in Axes
  4649 | D:5      | Reached XP level 7. HP: 52/57 MP: 6/6
  4682 | D:5      | Found an opulent altar of Gozag.
  4843 | D:5      | Reached * piety under Okawaru
  5097 | D:5      | Reached skill level 10 in Axes
  5800 | D:6      | Reached skill level 11 in Axes
  5800 | D:6      | Reached XP level 8. HP: 59/64 MP: 7/7
  6005 | D:6      | Reached ** piety under Okawaru
  6005 | D:6      | Reached skill level 12 in Axes
  6352 | D:7      | Reached skill level 13 in Axes
  6683 | D:6      | Reached XP level 9. HP: 70/70 MP: 8/8
  7016 | D:6      | Reached *** piety under Okawaru
  7016 | D:6      | Reached skill level 14 in Axes
  7334 | D:7      | Noticed Dzhakhan's ghost (novice DrBe)
  7846 | D:7      | Found a glowing golden altar of the Shining One.
  7936 | D:8      | Noticed a two-headed ogre
  7939 | D:8      | Found a transporter.
  7951 | D:8      | Mangled by a two-headed ogre

Vault maps used:
D:1:      onia_arrival_pentagram, lemuel_another_geyser
D:3:      minmay_overflow_temple_hex, portal_sewer_entry_b, uniq_terence
D:4:      first_bread
D:5:      nicolae_gozag_seed_capital
D:6:      minivault_19
D:7:      tso_altar, minmay_temple_entry_glassed_door
D:8:      gammafunk_corrupted_shrine, old_standard_altar, uniq_grum, uniq_joseph
Sewer:    sewer_sea

Skill      XL: |  1  2  3  4  5  6  7  8  9 |
---------------+----------------------------+-----
Axes           | 3 4 5 6 7 9 11 13 14 | 14.6
Fighting       | |  3.6
Armour         | |  3.6
Shields        | |  3.9

Action                   |  1- 3 |  4- 6 |  7- 9 || total
-------------------------+-------+-------+-------++-------
Melee: War axe           |   128 |   168 |   220 ||   516
       Headbutt          |    12 |    29 |    31 ||    72
Throw: Stone             |    47 |    51 |    68 ||   166
  Use: Scroll            |       |     2 |     3 ||     5
  Eat: Chunk             |     2 |     9 |     8 ||    19
       Bread ration      |       |     1 |       ||     1
Armor: Scale mail        |    36 |       |       ||    36
       Chain mail        |    24 |    62 |    77 ||   163
Dodge: Dodged            |    24 |    30 |    28 ||    82
Block: Shield            |    58 |    65 |    81 ||   204

Table legend:
 A = Spawn XP
 B = Non-spawn XP
 C = Spawn XP percentage of total XP
 D = Spawn monster count
 E = Non-spawn monster count
 F = Spawn count percentage of total count
 G = Total turns spent on level
                    A         B        C        D         E        F      G
               +---------+---------+-------+---------+---------+-------+---------
         Total |       0 |    3807 |   0.0 |       0 |     185 |   0.0 |  7951
               +---------+---------+-------+---------+---------+-------+---------
           D:1 |       0 |      51 |   0.0 |       0 |      28 |   0.0 |  1141
           D:2 |       0 |      59 |   0.0 |       0 |      19 |   0.0 |   601
           D:3 |       0 |      65 |   0.0 |       0 |      15 |   0.0 |   759
           D:4 |       0 |     255 |   0.0 |       0 |      12 |   0.0 |  1162
           D:5 |       0 |     755 |   0.0 |       0 |      21 |   0.0 |  1147
           D:6 |       0 |    1607 |   0.0 |       0 |      34 |   0.0 |  1400
           D:7 |       0 |     879 |   0.0 |       0 |      13 |   0.0 |   852
           D:8 |       0 |       6 |   0.0 |       0 |       2 |   0.0 |    15
         Sewer |       0 |     130 |   0.0 |       0 |      41 |   0.0 |   874
               +---------+---------+-------+---------+---------+-------+---------
